 Dungeon Crawl Stone Soup version 0.31-a0-1-g4198be8af4 (webtiles) character file.

Game seed: 8552925600384936918

72 Ahpoh the Trooper (level 4, -2/24 HPs)
             Began as a Vine Stalker Fighter on May 2, 2023.
             Slain by an orc
             ... wielding a +0 war axe
              (4 damage)
             ... on level 3 of the Dungeon.
             The game lasted 00:04:21 (1896 turns).

Ahpoh the Trooper (Vine Stalker Fighter)            Turns: 1896, Time: 00:04:22

Health: -2/24      AC:  7    Str: 18    XL:     4   Next: 25%
Magic:  0/5        EV:  9    Int:  8    God:
Gold:   146        SH:  5    Dex: 16    Spells: 3/3 levels left

rFire   . . .        a - +0 long sword
rCold   . . .        c - +0 buckler
rNeg    . . .        b - +0 scale mail
rPois   .            (no helmet)
rElec   .            (no cloak)
rCorr   .            g - +0 pair of gloves
SInv    .            (no boots)
Will    .....        (no amulet) Stlth
                     (no ring)
HPRegen 1.04/turn    (no ring)
MPRegen 0.09/turn

%: guardian spirit
@: no status effects
A: fangs 2, regeneration 1, magic shield, antimagic bite, no potion heal 2
a: no special abilities


You were on level 3 of the Dungeon.
You visited 1 branch of the dungeon, and saw 3 of its levels.

You collected 146 gold pieces.

Inventory:

Hand Weapons
 a - a +0 long sword (weapon)
Armour
 b - a +0 scale mail (worn)
 c - a +0 buckler (worn)
 g - a +0 pair of gloves (worn)
 r - a +0 chain mail
Jewellery
 p - a ring of see invisible
 s - a ring of flight
Scrolls
 f - a scroll of blinking {unknown}
 j - a scroll of fog {unknown}
 k - a scroll of immolation {unknown}
 l - a scroll of poison {unknown}
 m - a scroll of teleportation
 q - a scroll of identify {unknown}
Potions
 d - 2 potions of might
 e - a potion of curing
 h - a potion of degeneration {unknown}
 i - a potion of heal wounds {unknown}
 n - a potion of berserk rage
 o - a potion of cancellation {unknown}


   Skills:
 + Level 3.1 Fighting
 + Level 2.7 Long Blades
 + Level 3.0 Armour
 + Level 0.2 Dodging
 + Level 2.9 Shields


You had 3 spell levels left.
You didn't know any spells.
Your spell library contained the following spells:

 Spells                   Type           Power      Damage    Failure   Level
 Apportation              Tloc           0%         N/A       86%         1
 Necrotise                Necr           0%         1d4       86%         1
 Summon Small Mammal      Summ           0%         N/A       86%         1


Dungeon Overview and Level Annotations

Branches:
Dungeon (3/15)

Altars:


Innate Abilities, Weirdness & Mutations

You have extremely sharp teeth.
Your natural rate of healing is unusually fast.
When hurt, damage is shared between your health and your magic reserves.
Your bite disrupts and absorbs the magic of your enemies.
Potions cannot restore your health.


Message History

The orc barely misses you.
You block the orc's attack. x2; The orc barely misses you.
The orc barely misses you. The orc closely misses you.
The orc hits you but does no damage. You block the orc's attack.
The orc hits you but does no damage. x2
The orc hits you but does no damage. The orc hits you with a +0 flail.
You block the orc's attack.
You block the orc's attack. x2; The orc hits you with a +0 whip.
The orc hits you but does no damage. The orc barely misses you.
You block the orc's attack. The orc closely misses you.
The orc hits you with a +0 flail. You block the orc's attack.
The orc hits you but does no damage. The orc hits you with a +0 flail.
The orc hits you but does no damage. You block the orc's attack.
The orc barely misses you. The orc hits you but does no damage.
You block the orc's attack. The orc barely misses you.
The orc hits you but does no damage. The orc barely misses you.
The orc closely misses you. The orc hits you with a +0 whip.
The orc barely misses you. The orc hits you with a +0 flail.
* * * LOW HITPOINT WARNING * * *
The orc hits you but does no damage. The orc closely misses you.
The orc barely misses you. The orc hits you but does no damage.
The orc barely misses you. The orc hits you with a +0 flail.
* * * LOW HITPOINT WARNING * * *
You block the orc's attack. You block the orc's attack.
The orc hits you but does no damage. The orc hits you with a +0 whip.
* * * LOW HITPOINT WARNING * * *
The orc barely misses you. The orc closely misses you.
The orc hits you with a +0 whip.
* * * LOW HITPOINT WARNING * * *
The orc barely misses you. The orc hits you with a +0 flail.
* * * LOW HITPOINT WARNING * * *
The orc hits you with a +0 whip.
* * * LOW HITPOINT WARNING * * *
The orc hits you with a +0 war axe.
You die...

##..⌠.#
#.#.............##.#####
#8.⌠..#
#.#.###.#...†...##†#
##...#.# #.#.#
##.###.#.###.# #.###.##
#.#.####.# #...# #.# ##
#####........#
##..#.....#
...........##.#
#..#.....# ####.###.#.#
.# #..#....... #.
#.#.##)### .)#.....#.# #
#...o@#.. ..#.....#..
#...o#o####.######## #
###.....)... ##.#.#####
#.#.# #.#.## #|#..#
#.##.# ###.##.#


You could see 3 orcs.

Vanquished Creatures
  An adder (D:2)
  2 worms
  A dart slug (D:1)
  5 ball pythons
  8 bats
  5 endoplasms
  3 giant cockroaches
  3 goblins
  5 hobgoblins
  5 kobolds
  4 quokkas
  3 frilled lizards
  4 rats
49 creatures vanquished.

Notes
Turn   | Place    | Note
-------+----------+-------------------------------------------
     0 | D:1      | Ahpoh the Vine Stalker Fighter began the quest for the Orb.
     0 | D:1      | Reached XP level 1. HP: 11/11 MP: 2/2
   112 | D:1      | Reached XP level 2. HP: 5/16 MP: 1/3
   367 | D:1      | Reached XP level 3. HP: 17/20 MP: 4/4
  1252 | D:2      | Gained mutation: Your natural rate of healing is unusually
                  | fast. [Vine Stalker growth]
  1252 | D:2      | Reached XP level 4. HP: 24/24 MP: 5/5
  1778 | D:3      | Found a faded altar of an unknown god.
  1895 | D:3      | HP: 1/24 [orc/+0 whip (3)]
  1896 | D:3      | Slain by an orc

Illustrated notes

Levels and vault maps discovered:
D:1:      ncdulo_watergridlock, layout_basic
D:2:      layout_basic
D:3:      layout_loops_ring, mainiacjoe_overflow_boulevard, led_sif_pool,
          shapermc_ecumenical_altar_venn, uniq_crazy_yiuf_cottage

Skill      XL: |  1  2  3  4 |
---------------+-------------+-----
Long Blades    | 2 |  2.7
Fighting       | 3 |  3.1
Armour         | 3 |  3.0
Dodging        | |  0.2
Shields        | |  2.9

Action                     |  1- 3 |  4- 6 || total
---------------------------+-------+-------++-------
  Melee: Long sword        |    89 |    28 ||   117
         Bite              |    15 |     9 ||    24
    Use: Potion            |       |     2 ||     2
         Scroll            |       |     1 ||     1
 Armour: Scale mail        |    61 |    24 ||    85
  Dodge: Dodged            |    61 |    41 ||   102
  Block: Buckler           |    21 |    27 ||    48

Table legend: (Time is in decaauts)
 A = Elapsed time spent in this place.
 B = Non-inter-level travel time spent in this place.
 C = Inter-level travel time spent in this place.
 D = Time resting spent in this place.
 E = Time spent auto-exploring this place.
 F = Levels seen in this place.
 G = Mean time per level.
                   A        B        C        D        E       F      G
               +--------+--------+--------+--------+--------+-----+--------+
         Total |   1946 |   1833 |    113 |      1 |   1295 |   3 |  648.7 |
       Dungeon |   1946 |   1833 |    113 |      1 |   1295 |   3 |  648.7 |
               +--------+--------+--------+--------+--------+-----+--------+

Top non-repeatable levels by time:
     D:2: 955 daAuts
     D:1: 755 daAuts
     D:3: 236 daAuts
